cohdb
Replays
Latest Replays
All Replays
Popular Replays
Top Player Replays
Match Explorer
How It Works
Community
CoH3 Stats
Reddit
Sign in to upload your games and track your stats! →
Sign in with Steam
Match 42818234
Unlisted
Match 42818234
Overview
Messages
Build Orders
End
Kradschützen Motorcycle Team
Panzergrenadier Squad
Panzergrenadier Squad
250 Light Carrier
Construct Light Support Kompanie
Combat Half-tracks
2.5-tonne Medical Truck
Fire Support Elements
MG34 Team
Selects Panzerjäger Kommand Battlegroup
Selects Blockade Equipment
Panzerjäger Mechanized Group
Pak 38 Anti-tank Gun Team
Selects Defensive Positions
Construct Mechanized Kompanie
254 Reconnaissance Tractor
8 Rad Armored Car
Marder III Tank Destroyer
Panzerpioneer Squad
Vehicle Survival Package
18-tonne Recovery Half-track
Emergency Repair Kits
Panzerpioneer Squad
猛牛
YO BOY ANT
Monkey Master of Monkeys
Cheeki Bяeeki
我真的不是驴
Kitty
JT
GAGE
0
0
Comments
sign in to comment!
No comments posted yet!